 Dungeon Crawl Stone Soup version 0.22.1-1-ga44c0e5 (webtiles) character file.

50451 Gran0la the Severer (level 14, 0/129 HPs)
             Began as a Minotaur Berserker on Nov 3, 2018.
             Was an Elder of Trog.
             Slain by a six-headed hydra (11 damage)
             ... on level 5 of the Lair of Beasts on Nov 4, 2018.
             The game lasted 01:30:44 (16094 turns).

Gran0la the Severer (Minotaur Berserker)           Turns: 16094, Time: 01:30:45

Health: 0/129      AC: 18    Str: 30    XL:     14   Next: 19%
Magic:  15/15      EV: 16    Int:  6    God:    Trog [****..]
Gold:   791        SH:  0    Dex: 17    Spells: 15/15 levels left

rFire    . . .     SeeInvis .   F - +1 battleaxe
rCold    . . .     Gourm    .   (shield currently unavailable)
rNeg     . . .     Faith    .   h - +2 plate armour
rPois    .         Spirit   .   (helmet restricted)
rElec    .         Reflect  .   j - scarf {repulsion}
rCorr    .         Harm     .   (no gloves)
MR       ++...                  (no boots)
Stlth    ..........             (no amulet)
HPRegen  0.31/turn              f - +3 ring of strength
MPRegen  0.14/turn              I - +3 ring of slaying

@: agile, about to teleport, berserk cooldown, flying, slowed, repel missiles,
very slow
A: retaliatory headbutt, horns 2, clever 1, magic resistance 1, screaming 1,
strong 1
a: Berserk, Trog's Hand, Brothers in Arms, Renounce Religion


You were on level 5 of the Lair of Beasts.
You worshipped Trog.
Trog was greatly pleased with you.
You were hungry.

You visited 2 branches of the dungeon, and saw 16 of its levels.

You collected 1093 gold pieces.
You spent 302 gold pieces at shops.

Inventory:

Hand Weapons
 F - a +1 battleaxe (weapon)
 K - the cursed +1 war axe of Causality {speed, rC+ Dex+2}
   (You found it on level 3 of the Lair of Beasts)

   Attacks with this weapon are significantly faster.
   It affects your dexterity (+2).
   It protects you from cold.
   It has a curse placed upon it.
Missiles
 b - 28 poisoned needles
 r - 268 stones (quivered)
Armour
 h - a +2 plate armour (worn)
 j - a scarf of repulsion (worn)
 A - a +2 shield
Jewellery
 f - a +3 ring of strength (left hand)
 o - an uncursed ring of ice
 v - an uncursed ring of ice
 E - an uncursed amulet of rage
 H - an uncursed ring of stealth
 I - a +3 ring of slaying (right hand)
Wands
 g - a wand of flame (2)
 s - a wand of polymorph (4)
 G - a wand of digging (5)
 J - a wand of paralysis (7)
 L - a wand of acid (10)
Scrolls
 a - a scroll of blinking
 d - 2 scrolls of immolation
 i - 2 scrolls of teleportation
 m - 5 scrolls of magic mapping
 p - 6 scrolls of amnesia
 y - 5 scrolls of remove curse
 B - a scroll of enchant armour
Potions
 e - 2 potions of berserk rage
 k - 2 potions of ambrosia
 l - 8 potions of brilliance
 n - 6 potions of curing
 q - 2 potions of lignification
 t - 2 potions of resistance
 u - 3 potions of degeneration
 x - 4 potions of heal wounds
 z - a potion of cancellation
Comestibles
 c - 7 rations


   Skills:
 + Level 13.1 Fighting
 * Level 16.7 Axes
 + Level 3.8 Throwing
 + Level 14.7 Armour
 + Level 4.8 Dodging
 + Level 2.2 Stealth
 + Level 6.7 Shields
 + Level 1.8 Unarmed Combat
 + Level 1.0 Spellcasting
 + Level 3.4 Evocations


You had 15 spell levels left.
You didn't know any spells.
Your spell library was empty.

Dungeon Overview and Level Annotations

Branches:
Dungeon (11/15)            Temple (0/1) D:4            Lair (5/6) D:11
  Swamp (0/4) Lair:3        Snake (0/4) Lair:3          Orc (0/2) D:9
  Slime: Lair:5-6

Altars:
Cheibriados
Elyvilon
Fedhas
Okawaru
Qazlal
Ru
Sif Muna
Uskayaw
Vehumet
Wu Jian
Xom
Yredelemnul
Zin
The Shining One

Shops:
D:4 !   D:7 [   D:8 =[(   D:10 !


Innate Abilities, Weirdness & Mutations

You reflexively headbutt those who attack you in melee.
You have a pair of horns on your head.
Your mind is acute. (Int +2)
You are resistant to hostile enchantments. (MR+)
You occasionally shout uncontrollably at your foes.
Your muscles are strong. (Str +2)


Message History

The elephant trunk-slaps you but does no damage.
The seven-headed hydra closely misses you.
You furiously retaliate!
You headbutt the seven-headed hydra!! The seven-headed hydra bites you!
* * * LOW HITPOINT WARNING * * *
The seven-headed hydra misses you. The seven-headed hydra bites you.
* * * LOW HITPOINT WARNING * * *
The seven-headed hydra bites you!
* * * LOW HITPOINT WARNING * * *
The seven-headed hydra completely misses you.
The seven-headed hydra bites you but does no damage.
As you read the scroll of teleportation, it crumbles to dust.
You feel strangely unstable.
The elephant tramples you but does no damage.
The elephant trunk-slaps you but does no damage.
The six-headed hydra bites you but does no damage. x2
The six-headed hydra bites you!
* * * LOW HITPOINT WARNING * * *
The six-headed hydra bites you!
You die...

................#
...........Y...P#
..P#....#...†..##
........##....P#
........ #.Y...#
..P.....##l...##
........#5...P#
##....DDY..##
...#...@Y..#
...............
...............
..#.#..###....P #
##..# ##### ###


You could see a seven-headed hydra, a six-headed hydra, 4 elephants, a basilisk
and a white imp.

Vanquished Creatures
  The ghost of Tuusy the Warrior, a journeyman MfBe of Trog (Lair:3)
  Erolcha (D:11)
  Josephine (Lair:4)
  Fannar (Lair:2)
  A fire dragon (Lair:3)
  3 hydras
  Harold (D:8)
  2 two-headed ogres (D:8)
  Erica (D:10)
  Urug (Lair:1)
  Sonja (Lair:4)
  The ghost of Lauz the Thaumaturge, a novice DEFE of Vehumet (D:6)
  Pikel (D:6)
  A manticore (D:11)
  2 elephants
  2 black mambas
  Joseph (D:7)
  Psyche (D:10)
  A gargoyle (D:11)
  7 spiny frogs
  3 komodo dragons
  2 rime drakes (Lair:2)
  A merfolk (D:9)
  2 trolls (D:11)
  2 hippogriffs
  14 blink frogs
  Sigmund (D:3)
  The ghost of Velaskes the Conjurer, an amateur DECj of Vehumet (D:4)
  A wyvern (Lair:2)
  5 wraiths (Lair:4)
  2 basilisks (D:11)
  26 yaks
  The ghost of redwoodhats the Slasher, an amateur DsGl of Fedhas (D:4)
  3 hungry ghosts (D:9)
  Grum (D:11)
  A steam dragon (D:10)
  2 insubstantial wisps (D:10)
  3 nagas (Lair:3)
  Menkaure (D:7)
  Duvessa (D:7)
  9 water moccasins
  4 porcupines
  A slave (D:6)
  An ice beast (D:9)
  A swamp drake (Lair:5)
  5 sky beasts
  A black bear (Lair:3)
  4 phantoms
  6 ogres
  14 wolves
  4 centaurs
  6 crocodiles
  2 big kobolds
  12 bullfrogs
  Dowan (D:7)
  A wyvern skeleton (D:9)
  A troll zombie (D:9)
  A scorpion (D:9)
  3 wights (D:10)
  A howler monkey (D:6)
  2 jellies
  A centaur zombie (D:5)
  5 crimson imps
  A bullfrog zombie (D:8)
  5 hounds
  A bullfrog skeleton (D:11)
  An orc priest (D:7)
  Crazy Yiuf (D:3)
  4 iguanas
  Jessica (D:2)
  5 worker ants
  Natasha (D:2)
  8 orc wizards
  4 ogre zombies (D:9)
  2 hound zombies (D:9)
  2 hound skeletons
  A gnoll (D:9)
  12 adders
  2 shadow imps
  4 oozes
  3 worms
  3 dart slugs
  9 leopard geckos
  22 orcs
  6 giant cockroaches
  8 goblins
  2 hobgoblins
  8 jackals
  6 quokkas
  2 ball pythons
  7 bats
  11 frilled lizards
  2 goblin skeletons (D:9)
  2 goblin zombies (D:9)
  A hobgoblin skeleton (D:9)
  A hobgoblin zombie (D:9)
  A jackal skeleton (D:5)
  17 kobolds
  A leopard gecko skeleton (D:4)
  3 orc skeletons (D:9)
  11 orc zombies (D:9)
  A quokka zombie (D:9)
  8 rats
  A fungus (Lair:4)
  2 plants (Lair:4)
383 creatures vanquished.

Vanquished Creatures (collateral kills)
  A catoblepas (Lair:2)
  Prince Ribbit (D:6)
  2 yaks (Lair:2)
  A steam dragon (Lair:2)
  2 crocodiles
  A bullfrog (D:9)
  2 troll zombies (D:9)
  An ogre zombie (D:9)
  3 gnolls (D:9)
  An orc skeleton (D:9)
  4 orc zombies (D:9)
19 creatures vanquished.

Vanquished Creatures (others)
  A quokka (D:8)
  A kobold (D:7)
  2 plants (Lair:5)
4 creatures vanquished.

Grand Total: 406 creatures vanquished

Notes
Turn   | Place    | Note
-------+----------+-------------------------------------------
     0 | D:1      | Gran0la the Minotaur Berserker began the quest for the Orb.
     0 | D:1      | Reached XP level 1. HP: 19/19 MP: 0/0
    89 | D:1      | Reached XP level 2. HP: 22/27 MP: 1/1
    99 | D:1      | Reached skill level 4 in Axes
   771 | D:1      | Reached XP level 3. HP: 33/33 MP: 2/2
   904 | D:1      | Reached ** piety under Trog
  1081 | D:2      | Noticed Jessica
  1086 | D:2      | Killed Jessica
  1086 | D:2      | Reached skill level 5 in Axes
  1086 | D:2      | Reached XP level 4. HP: 33/41 MP: 3/3
  1109 | D:2      | Found a faded altar of an unknown god.
  1109 | D:2      | Found a glowing golden altar of the Shining One.
  1115 | D:2      | Found a white marble altar of Elyvilon.
  1117 | D:2      | Found a basalt altar of Yredelemnul.
  1118 | D:2      | Found a stormy altar of Qazlal.
  1207 | D:2      | Found a deep blue altar of Sif Muna.
  1281 | D:2      | Noticed Natasha
  1286 | D:2      | Killed Natasha
  1286 | D:2      | Reached XP level 5. HP: 47/47 MP: 4/4
  1375 | D:3      | Found a hide-covered altar of Uskayaw.
  1377 | D:3      | Found a radiant altar of Vehumet.
  1389 | D:3      | Noticed Sigmund
  1441 | D:3      | Gained mutation: You occasionally shout uncontrollably at
                  | your foes. [potion of mutation]
  1441 | D:3      | Gained mutation: Your muscles are strong. (Str +2) [potion
                  | of mutation]
  1441 | D:3      | Gained mutation: You are resistant to hostile enchantments.
                  | (MR+) [potion of mutation]
  1441 | D:3      | Gained mutation: Your mind is acute. (Int +2) [potion of
                  | mutation]
  1445 | D:3      | Killed Sigmund
  1445 | D:3      | Reached skill level 5 in Fighting
  1445 | D:3      | Reached skill level 6 in Axes
  1445 | D:3      | Reached XP level 6. HP: 6/56 MP: 5/5
  1671 | D:3      | Reached *** piety under Trog
  1784 | D:3      | Found a runed door.
  1788 | D:3      | Noticed Crazy Yiuf
  1792 | D:3      | Killed Crazy Yiuf
  1867 | D:3      | Found an ornate altar of the Wu Jian Council.
  2173 | D:4      | Found Jeoxt's Distillery.
  2181 | D:4      | Reached skill level 5 in Armour
  2244 | D:4      | Reached skill level 7 in Axes
  2244 | D:4      | Reached XP level 7. HP: 47/61 MP: 6/6
  2396 | D:4      | Found a sacrificial altar of Ru.
  2421 | D:4      | Found a staircase to the Ecumenical Temple.
  3172 | D:4      | Found a runed gate.
  3172 | D:4      | Found a runed gate.
  3172 | D:4      | Found a runed gate.
  3172 | D:4      | Noticed Velaskes's ghost (amateur DECj)
  3173 | D:4      | Noticed redwoodhats's ghost (amateur DsGl)
  3188 | D:4      | Killed Velaskes's ghost
  3188 | D:4      | Reached skill level 8 in Axes
  3188 | D:4      | Reached XP level 8. HP: 55/70 MP: 7/7
  3192 | D:4      | Killed redwoodhats's ghost
  3346 | D:4      | Bought a potion of curing for 42 gold pieces
  3346 | D:4      | Bought a potion of curing for 42 gold pieces
  3346 | D:4      | Bought a potion of curing for 42 gold pieces
  3620 | D:4      | Found a glowing silver altar of Zin.
  3820 | D:5      | Entered Level 5 of the Dungeon
  3832 | D:5      | Reached **** piety under Trog
  3973 | D:5      | Found a snail-covered altar of Cheibriados.
  4351 | D:5      | Reached skill level 9 in Axes
  4848 | D:6      | Found a runed door.
  4849 | D:6      | Noticed Lauz's ghost (novice DEFE)
  4901 | D:6      | Found an iron altar of Okawaru.
  5056 | D:6      | Found a blossoming altar of Fedhas.
  5364 | D:6      | Reached skill level 1 in Throwing
  5413 | D:6      | Noticed Prince Ribbit
  5431 | D:6      | Killed Prince Ribbit
  5431 | D:6      | Reached XP level 9. HP: 46/79 MP: 8/8
  5522 | D:6      | Killed Lauz's ghost
  5522 | D:6      | Reached skill level 10 in Axes
  5568 | D:7      | Noticed Pikel
  5617 | D:6      | Killed Pikel
  5706 | D:7      | Noticed Menkaure
  5708 | D:7      | Killed Menkaure
  5708 | D:7      | Reached skill level 11 in Axes
  5713 | D:7      | Found Xeewenyc's Armour Shoppe.
  6008 | D:7      | Noticed Duvessa
  6008 | D:7      | Noticed Dowan
  6016 | D:7      | Killed Duvessa
  6023 | D:7      | Killed Dowan
  6126 | D:7      | Noticed Joseph
  6134 | D:7      | Killed Joseph
  6134 | D:7      | Reached XP level 10. HP: 68/90 MP: 9/9
  6412 | D:8      | Noticed a two-headed ogre
  6424 | D:8      | Killed a two-headed ogre
  6424 | D:8      | Reached skill level 10 in Armour
  6698 | D:8      | Found Tiraluu's Antique Armour Emporium.
  6758 | D:8      | Found Ogisom's Jewellery Shoppe.
  6778 | D:8      | Noticed Harold
  6791 | D:8      | Killed Harold
  6791 | D:8      | Reached skill level 12 in Axes
  6893 | D:8      | Found Ozoid's Weapon Boutique.
  6975 | D:8      | Noticed a two-headed ogre
  6986 | D:8      | Killed a two-headed ogre
  7455 | D:8      | Found a shimmering altar of Xom.
  7854 | D:9      | Reached skill level 10 in Fighting
  7969 | D:9      | Reached ***** piety under Trog
  8303 | D:9      | Found a staircase to the Orcish Mines.
  8317 | D:9      | Paralysed by fainting for 8 turns
  8326 | D:9      | Reached XP level 11. HP: 99/100 MP: 10/10
  9253 | D:10     | Entered Level 10 of the Dungeon
  9355 | D:10     | Reached skill level 13 in Axes
  9367 | D:10     | Received a gift from Trog
  9424 | D:10     | Noticed Psyche
  9434 | D:10     | Killed Psyche
  9550 | D:10     | Noticed Erica
  9562 | D:10     | Killed Erica
  9562 | D:10     | Reached skill level 1 in Stealth
  9661 | D:10     | Reached skill level 1 in Shields
  9859 | D:10     | Found Feli's Distillery.
  9865 | D:10     | Bought 2 potions of curing for 96 gold pieces
  9865 | D:10     | Bought a potion of heal wounds for 80 gold pieces
 10207 | D:11     | Noticed Erolcha
 10223 | D:11     | Killed Erolcha
 10265 | D:11     | Noticed Grum
 10279 | D:11     | Killed Grum
 10353 | D:11     | Found a staircase to the Lair.
 10358 | D:11     | Reached skill level 14 in Axes
 10774 | Lair:1   | Entered Level 1 of the Lair of Beasts
 10877 | Lair:1   | Reached XP level 12. HP: 105/110 MP: 11/11
 11011 | Lair:1   | Noticed Urug
 11029 | Lair:1   | Killed Urug
 11794 | Lair:2   | Reached skill level 15 in Axes
 12008 | Lair:2   | Noticed a catoblepas
 12021 | Lair:2   | Killed a catoblepas
 12021 | Lair:2   | Received a gift from Trog
 12065 | Lair:2   | Noticed a seven-headed hydra
 12340 | Lair:2   | Reached skill level 5 in Shields
 12681 | Lair:2   | Reached skill level 1 in Unarmed Combat
 12681 | Lair:2   | Reached skill level 1 in Spellcasting
 12681 | Lair:2   | Reached XP level 13. HP: 119/119 MP: 11/13
 12751 | Lair:2   | Noticed Fannar
 12771 | Lair:2   | Killed Fannar
 13379 | Lair:3   | Noticed a fire dragon
 13379 | Lair:3   | a five-headed hydra changed into a fire dragon
 13388 | Lair:3   | Killed a fire dragon
 13669 | Lair:3   | Found a staircase to the Snake Pit.
 13774 | Lair:3   | Got a steaming war axe
 13877 | Lair:3   | Found a staircase to the Swamp.
 14131 | Lair:3   | Found a large runed door.
 14132 | Lair:3   | Found a large runed door.
 14146 | Lair:3   | Noticed Tuusy's ghost (journeyman MfBe)
 14157 | Lair:3   | Killed Tuusy's ghost
 14302 | Lair:4   | Noticed Sonja
 14500 | Lair:4   | Reached skill level 16 in Axes
 14559 | Lair:4   | Reached XP level 14. HP: 73/127 MP: 15/15
 14570 | Lair:4   | Identified the cursed +1 war axe of Causality {speed, rC+
                  | Dex+2} (You found it on level 3 of the Lair of Beasts)
 14947 | Lair:4   | Killed Sonja
 14980 | Lair:4   | Noticed Josephine
 14988 | Lair:4   | Killed Josephine
 16094 | Lair:5   | Slain by a six-headed hydra

Skill      XL: |  1  2  3  4  5  6  7  8  9 10 11 12 13 14 |
---------------+-------------------------------------------+-----
Axes           | 4 5 6 7 8 9 11 12 14 15 16 | 16.7
Fighting       | 4 5 6 7 8 10 11 12 13 | 13.1
Armour         | 3 4 5 6 8 9 11 13 14 | 14.7
Dodging        | 3 4 |  4.8
Throwing       | 1 2 3 |  3.8
Stealth        | 1 2 |  2.2
Shields        | 3 5 6 |  6.7
Unarmed Combat | 1 |  1.8
Spellcasting   | 1 |  1.0
Evocations     | 2 3 |  3.4

Action                   |  1- 3 |  4- 6 |  7- 9 | 10-12 | 13-15 || total
-------------------------+-------+-------+-------+-------+-------++-------
Melee: Hand axe          |    73 |   127 |   223 |   526 |    37 ||   986
       Headbutt          |     9 |    25 |    54 |   128 |    40 ||   256
       Battleaxe         |       |       |       |       |   118 ||   118
Throw: Stone             |       |       |    12 |    14 |       ||    26
Invok: Trog's Hand       |       |     3 |     3 |    12 |     2 ||    20
       Berserk           |       |     2 |     4 |    14 |     6 ||    26
       Brothers in Arms  |       |       |     1 |     5 |     1 ||     7
Evoke: Wand              |       |       |     2 |     6 |    42 ||    50
  Use: Scroll            |     2 |     3 |    12 |    15 |     9 ||    41
       Potion            |       |     4 |       |     8 |     3 ||    15
 Stab: Distracted        |       |       |       |     1 |       ||     1
       Paralysed         |       |       |       |       |     3 ||     3
       Confused          |       |       |       |       |     1 ||     1
  Eat: Ration            |       |     2 |     6 |    10 |     3 ||    21
       Chunk             |       |       |       |    10 |     6 ||    16
Armor: Animal skin       |     3 |       |       |       |       ||     3
       Chain mail        |    28 |    62 |       |       |       ||    90
       Plate armour      |       |       |    87 |   238 |   188 ||   513
Dodge: Dodged            |    46 |    66 |    75 |   159 |   120 ||   466
       Deflected         |       |       |     9 |     5 |     2 ||    16
Block: Shield            |       |       |       |   148 |    40 ||   188
